 Dungeon Crawl Stone Soup version 0.30.1 (webtiles) character file.

Game seed: 1987874904067607860

28154 LynnLen the Blinker (level 13, 0/55 HPs)
             Began as a Spriggan Enchanter on July 4, 2023.
             Was an Elder of Nemelex Xobeh.
             Slain by a skyshark (6 damage)
             ... on level 5 of the Lair of Beasts on July 5, 2023.
             The game lasted 01:06:45 (16521 turns).

LynnLen the Blinker (Spriggan Enchanter)           Turns: 16521, Time: 01:06:46

Health: 0/55       AC: 14    Str:  4    XL:     13   Next: 8%
Magic:  24/28      EV: 15    Int: 27    God:    Nemelex Xobeh [****..]
Gold:   960        SH:  0    Dex: 16    Spells: 18/32 levels left

rFire   . . .        y - +10 short sword "Ohoaskas" {vamp, Will+}
rCold   . . .        (no shield)
rNeg    . . .        c - +2 acid dragon scales
rPois   .            (helmet restricted)
rElec   .            D - +1 cloak
rCorr   +            (gloves unavailable)
SInv    +            (boots unavailable)
Will    +++..        M - amulet of magic regeneration
Stlth   +++++        n - +6 ring of intelligence
HPRegen 0.29/turn    I - +4 ring of protection
MPRegen 0.61/turn

%: no passive effects
@: confusing by touch, about to teleport, very quick
A: very small, no large weapons, unfitting armour, see invisible, speed 3
a: Renounce Religion, Draw Escape, Draw Destruction, Draw Summoning, Triple
Draw, Deal Four


You were on level 5 of the Lair of Beasts.
You worshipped Nemelex Xobeh.
Nemelex Xobeh was greatly pleased with you.
You visited 3 branches of the dungeon, and saw 14 of its levels.
You also visited: Sewer.

You collected 960 gold pieces.

Inventory:

Hand Weapons
 y - the +10 short sword "Ohoaskas" (weapon) {vamp, Will+}
   (You found it on level 5 of the Dungeon)

   Will:      It increases your willpower.
Missiles
 h - 111 stones
 p - 10 atropa-tipped darts (quivered)
 v - 19 poisoned darts
Armour
 c - +2 acid dragon scales (worn)
 g - a +0 troll leather armour {Pargi}
 D - a +1 cloak (worn)
Jewellery
 d - a ring of protection from cold
 n - a +6 ring of intelligence (left hand)
 o - a +4 ring of slaying
 x - a +6 ring of strength
 I - a +4 ring of protection (right hand)
 J - an amulet of faith
 K - a ring of fire
 L - a ring of wizardry
 M - an amulet of magic regeneration (around neck)
Wands
 r - a wand of iceblast (10)
 s - a wand of flame (3)
 u - a wand of digging (6)
 B - a wand of polymorph (4)
 C - a wand of paralysis (15)
Scrolls
 b - a scroll of enchant weapon
 f - 9 scrolls of teleportation
 j - 4 scrolls of fog
 l - 4 scrolls of fear
 t - a scroll of immolation
 E - a scroll of vulnerability {unknown}
 F - a scroll of poison
 N - a scroll of brand weapon {unknown}
 P - a scroll of identify
Potions
 a - 2 potions of magic
 e - 3 potions of degeneration {unknown}
 i - 5 potions of brilliance
 k - 4 potions of might
 m - 4 potions of attraction {unknown}
 q - 5 potions of curing
 w - a potion of lignification {unknown}
 z - 2 potions of mutation {unknown}
 A - 3 potions of haste
 G - 3 potions of resistance {unknown}
 H - a potion of berserk rage {unknown}
 O - a potion of cancellation {unknown}


   Skills:
 + Level 8.7 Short Blades
 - Level 1.2 Throwing
 - Level 3.0 Dodging
 + Level 13.5 Stealth
 + Level 10.0 Spellcasting
 * Level 13.9 Hexes
 + Level 15.2 Translocations
 + Level 0.2 Invocations
 - Level 10.0 Evocations


You had 18 spell levels left.
You knew the following spells:

 Your Spells              Type           Power      Damage    Failure   Level
a - Ensorcelled Hibernat  Hex/Ice        100%       N/A       1%          2
b - Confusing Touch       Hex            73%        N/A       1%          3
c - Manifold Assault      Tloc           77%        N/A       1%          4
d - Blink                 Tloc           100%       N/A       1%          2
e - Tukima's Dance        Hex            73%        N/A       1%          3

Your spell library contained the following spells:

 Spells                   Type           Power      Damage    Failure   Level
 Dazzling Flash           Conj/Hex       100%       N/A       1%          3
 Vhi's Electric Charge    Tloc/Air       100%       N/A       1%          3
 Beastly Appendage        Tmut           26%        N/A       11%         1
 Freeze                   Ice            52%        1d6       11%         1
 Cigotuvi's Dreadful Rot  Necr/Pois/Air  26%        N/A       16%         2
 Wereblood                Tmut           13%        N/A       16%         2
 Frozen Ramparts          Ice            26%        1d4       30%         3
 Hailstorm                Conj/Ice       13%        3d5       30%         3
 Spider Form              Tmut/Pois      13%        N/A       30%         3
 Animate Armour           Summ/Erth      26%        N/A       71%         4
 Storm Form               Tmut/Air       6%         N/A       100%        7


Dungeon Overview and Level Annotations

Branches:
Dungeon (8/15)             Temple (1/1) D:5            Lair (5/5) D:8
  Swamp (0/4) Lair:3        Snake (0/4) Lair:3        Sewer (visited)
  Slime: Lair:4-5

Altars:
Ashenzari
Dithmenos
Elyvilon
Fedhas
Gozag
Hepliaklqana
Kikubaaqudgha
Makhleb
Nemelex Xobeh
Okawaru
Qazlal
Ru
Trog
Uskayaw
Vehumet
Wu Jian
Xom
Yredelemnul
Zin
The Shining One


Innate Abilities, Weirdness & Mutations

You are very small and have problems with some larger weapons.
You are too small for most types of armour.
You have supernaturally acute eyesight. (SInv)
You cover ground extremely quickly. (Speed+++)


Message History

Confirm with . or Enter, or press ? or * to list all spells.
Aiming: Ensorcelled Hibernation (safe; 1% risk of failure)
Press: ? - help, Shift-Dir - straight line, f/p - skyshark
Aim: a skyshark (chance to affect: 54%)
The skyshark resists with significant effort.
The skyshark bites you!
The skyshark tastes blood and grows stronger!
The skyshark barely misses you.
The skyshark tail-slaps you but does no damage.
Unknown command.
Unknown command.
Casting: Ensorcelled Hibernation (safe; 1% risk of failure)
Confirm with . or Enter, or press ? or * to list all spells.
Aiming: Ensorcelled Hibernation (safe; 1% risk of failure)
Press: ? - help, Shift-Dir - straight line, f/p - skyshark
Aim: a skyshark (strong, chance to affect: 54%)
Okay, then.
Casting: Ensorcelled Hibernation (safe; 1% risk of failure)
Confirm with . or Enter, or press ? or * to list all spells.
Your hands begin to glow red.
The skyshark bites you!!
The skyshark enters a blood-rage!
The skyshark closely misses you. The skyshark tail-slaps you.
Okay, then.
Okay, then.
Casting: Confusing Touch (safe; 1% risk of failure)
Confirm with . or Enter, or press ? or * to list all spells.
You can't see any susceptible monsters within range! (Use Z to cast anyway.) Unknown command.
You feel better.
The skyshark closely misses you. x3; The skyshark misses you.
The skyshark closely misses you. The skyshark tail-slaps you.
As you read the scroll of teleportation, it crumbles to dust.
You feel strangely unstable. The skyshark bites you!!
* * * LOW HITPOINT WARNING * * *
The skyshark tail-slaps you but does no damage.
The skyshark tail-slaps you.
* * * LOW HITPOINT WARNING * * *
The skyshark attacks as you move away! The skyshark barely misses you.
The skyshark misses you. The skyshark tail-slaps you.
You die...
Your body glows with a rainbow of weird colours and disappears.

## ###.##### ### #### #.....#.##
####.### #..####.P.....P## ###
#.###..####....#..........#
#.#####......##......#.#.#.#.#.#
##..#.......†...................
##......#P##.†#...##.#.#.#.#.#.#
##.....########†@#####...........
.PP...#### #.l..#..#.#†#.#.#.#
...P.....######P...........†.....
.........#..##........#.#.#†#.#.#
###.<.....##.....................
F.####.....#.........##.#.#.#.#.#
~##~~.......#.......##...........
~.#~.P.~.....#...###..#.#.#.#.#.#
###~~.~~........P# #.............


You could see a skyshark (berserk).

Vanquished Creatures
  3 hydras (Lair:3)
  13 elephants
  A salamander (Lair:3)
  4 black mambas
  10 cane toads
  Maggie (D:6)
  2 rime drakes
  7 komodo dragons
  3 polar bears
  A hornet (D:8)
  A tyrant leech (Lair:3)
  10 blink frogs
  Sigmund (D:7)
  2 wyverns
  36 yaks
  3 vampire mosquitoes (Lair:5)
  Edmund (D:7)
  Duvessa (D:6)
  8 water moccasins
  Pargi (Sewer)
  An ice beast (D:5)
  An orc warrior (D:6)
  A sky beast (D:7)
  2 black bears
  3 ogres
  2 centaurs
  10 wolves
  A phantom (D:7)
  A kobold brigand (D:5)
  2 lemures (D:7)
  A gnoll sergeant (D:5)
  10 bullfrogs
  4 scorpions
  3 wights (D:7)
  Dowan (D:6)
  4 killer bees (D:8)
  An electric eel (D:8)
  A howler monkey (D:7)
  3 lava snakes (Lair:3)
  2 jellies
  2 orc priests
  4 hounds
  2 sleepcaps
  Ijyb (D:4)
  4 iguanas
  3 orc wizards
  Robin (D:2)
  11 gnolls
  8 adders
  2 shadow imps
  2 white imps (D:7)
  3 worms (D:2)
  A dart slug (D:4)
  24 orcs
  10 bats
  8 endoplasms
  4 giant cockroaches
  16 goblins
  8 hobgoblins
  10 quokkas
  6 ball pythons
  5 frilled lizards
  13 kobolds
  4 rats
315 creatures vanquished.

Vanquished Creatures (collateral kills)
  Pikel (D:7)
  An orc warrior (D:8)
  A wight (D:7)
  2 orcs
5 creatures vanquished.

Vanquished Creatures (others)
  4 dancing weapons
4 creatures vanquished.

Grand Total: 324 creatures vanquished

Notes
Turn   | Place    | Note
-------+----------+-------------------------------------------
     0 | D:1      | LynnLen the Spriggan Enchanter began the quest for the Orb.
     0 | D:1      | Reached XP level 1. HP: 9/9 MP: 5/5
   271 | D:1      | Reached XP level 2. HP: 13/13 MP: 6/6
   274 | D:1      | Learned a level 2 spell: Ensorcelled Hibernation
   337 | D:1      | Reached skill level 5 in Stealth
  1280 | D:2      | Noticed Robin
  1615 | D:2      | Killed Robin
  1616 | D:2      | Reached XP level 3. HP: 16/16 MP: 3/8
  1752 | D:2      | Reached skill level 1 in Throwing
  1846 | D:2      | Reached XP level 4. HP: 21/21 MP: 4/9
  1860 | D:2      | Learned a level 3 spell: Confusing Touch
  1865 | D:2      | Learned a level 4 spell: Manifold Assault
  2530 | D:2      | Reached skill level 1 in Translocations
  2762 | D:3      | Found an ancient bone altar of Kikubaaqudgha.
  2986 | D:2      | Reached XP level 5. HP: 17/24 MP: 3/11
  3452 | D:3      | Found a glowing silver altar of Zin.
  3452 | D:3      | Found an opulent altar of Gozag.
  3782 | D:4      | Noticed an ogre
  3860 | D:4      | Killed an ogre
  3861 | D:4      | Reached skill level 2 in Translocations
  3861 | D:4      | Reached skill level 1 in Evocations
  3861 | D:4      | Reached XP level 6. HP: 28/28 MP: 6/13
  4058 | D:4      | Reached skill level 5 in Hexes
  4217 | D:4      | Noticed Ijyb
  4355 | D:4      | Killed Ijyb
  4358 | D:4      | Found a radiant altar of Vehumet.
  4587 | D:5      | Entered Level 5 of the Dungeon
  4766 | D:5      | Reached skill level 3 in Translocations
  4809 | D:5      | Found a staircase to the Ecumenical Temple.
  4828 | Temple   | Entered the Ecumenical Temple
  4972 | Temple   | Became a worshipper of Nemelex Xobeh the Trickster
  5096 | D:5      | Reached XP level 7. HP: 15/32 MP: 2/14
  5297 | D:5      | Found a glowing drain.
  5321 | Sewer    | Entered a sewer
  5518 | Sewer    | Noticed Pargi
  5527 | Sewer    | Killed Pargi
  5528 | Sewer    | Reached skill level 4 in Translocations
  5762 | D:5      | Identified the +10 short sword "Ohoaskas" {vamp, Will+}
  5824 | D:5      | Learned a level 2 spell: Blink
  5828 | D:5      | Learned a level 3 spell: Tukima's Dance
  6009 | D:5      | Reached skill level 5 in Translocations
  6130 | D:5      | Reached skill level 5 in Spellcasting
  6130 | D:5      | Reached XP level 8. HP: 35/36 MP: 11/16
  6220 | D:5      | Found a sacrificial altar of Ru.
  6496 | D:5      | Found a stormy altar of Qazlal.
  6962 | D:6      | Noticed Maggie
  6970 | D:6      | Killed Maggie
  6971 | D:6      | Reached skill level 6 in Translocations
  7062 | D:6      | Noticed Dowan
  7202 | D:6      | Killed Dowan
  7241 | D:6      | Got the Catalogue of the Underground Storm
  7261 | D:6      | Noticed Duvessa
  7330 | D:6      | Reached skill level 7 in Translocations
  7459 | D:6      | Reached * piety under Nemelex Xobeh
  7828 | D:6      | Killed Duvessa
  7829 | D:6      | Reached XP level 9. HP: 32/39 MP: 15/18
  8158 | D:7      | Noticed Sigmund
  8162 | D:7      | Killed Sigmund
  8163 | D:7      | Reached skill level 8 in Translocations
  8263 | D:7      | Received a gift from Nemelex Xobeh
  8263 | D:7      | Noticed Edmund
  8270 | D:7      | Killed Edmund
  8358 | D:7      | Reached skill level 5 in Evocations
  8588 | D:7      | Reached skill level 5 in Short Blades
  9059 | D:7      | Noticed Pikel
  9071 | D:7      | Killed Pikel
  9072 | D:7      | Reached skill level 9 in Translocations
  9539 | D:8      | Reached ** piety under Nemelex Xobeh
  9551 | D:8      | Found an iron altar of Okawaru.
  9691 | D:8      | Received a gift from Nemelex Xobeh
  9717 | D:8      | Reached XP level 10. HP: 44/44 MP: 21/21
  9722 | D:8      | Found a staircase to the Lair.
  9909 | D:8      | Reached skill level 10 in Stealth
 10160 | D:8      | Reached skill level 10 in Translocations
 10650 | D:8      | Found a white marble altar of Elyvilon.
 10751 | Lair:1   | Entered Level 1 of the Lair of Beasts
 10893 | Lair:1   | Reached skill level 10 in Hexes
 11159 | Lair:1   | Reached skill level 11 in Translocations
 11295 | Lair:1   | Noticed a cane toad
 11299 | Lair:1   | Noticed an elephant
 11301 | Lair:1   | Noticed an elephant
 11302 | Lair:1   | Noticed an elephant
 11303 | Lair:1   | Noticed an elephant
 11354 | Lair:1   | Killed a cane toad
 11370 | Lair:1   | Killed an elephant
 11449 | Lair:1   | Killed an elephant
 11612 | Lair:1   | Reached XP level 11. HP: 47/47 MP: 23/23
 12095 | Lair:1   | Reached skill level 12 in Translocations
 12629 | Lair:2   | Reached *** piety under Nemelex Xobeh
 13184 | Lair:2   | Reached skill level 13 in Translocations
 13201 | Lair:2   | Noticed a lindwurm
 13222 | Lair:2   | Noticed a lindwurm
 13379 | Lair:3   | Received a gift from Nemelex Xobeh
 13828 | Lair:3   | Noticed a four-headed hydra
 13863 | Lair:3   | Killed a four-headed hydra
 13864 | Lair:3   | Reached XP level 12. HP: 51/51 MP: 25/25
 13933 | Lair:3   | Found a staircase to the Snake Pit.
 14199 | Lair:3   | Noticed a four-headed hydra
 14248 | Lair:3   | Killed a four-headed hydra
 14300 | Lair:3   | Found a staircase to the Swamp.
 14540 | Lair:4   | Received a gift from Nemelex Xobeh
 14547 | Lair:4   | Noticed a five-headed hydra
 14595 | Lair:3   | Killed a five-headed hydra
 14711 | Lair:4   | Reached **** piety under Nemelex Xobeh
 14748 | Lair:4   | Reached skill level 14 in Translocations
 15954 | Lair:4   | Reached skill level 15 in Translocations
 15956 | Lair:5   | Entered Level 5 of the Lair of Beasts
 16129 | Lair:5   | Received a gift from Nemelex Xobeh
 16344 | Lair:5   | Reached XP level 13. HP: 55/55 MP: 24/27
 16393 | Lair:5   | Reached skill level 10 in Spellcasting
 16393 | Lair:5   | Reached skill level 10 in Evocations
 16521 | Lair:5   | Slain by a skyshark

Illustrated notes

Levels and vault maps discovered:
D:1:      evilmike_arrival_fibonacci_small, layout_basic
D:2:      layout_basic, uniq_robin
D:3:      layout_loops_ring, grunt_temple_overflow_gold_and_silver,
          mainiacjoe_overflow_catwalk
D:4:      cheibrodos_old_hovel, layout_rooms, fiery_altar_vehumet, uniq_ijyb
D:5:      layout_basic, nicolae_ru_sacrificial_ziggurat,
          nicolae_qazlal_eye_of_the_storm, minmay_temple_entry_glassed_door,
          portal_sewer_entry_f
D:6:      layout_cave_pools, uniq_duvessa, uniq_maggie
D:7:      layout_basic, sigmund_edmund_badplayer, uniq_pikel
D:8:      layout_basic, amcnicky_altar_gilded, nicolae_elyvilon_temple_path,
          dpeg_oklobed_lair
Temple:   hellmonk_temple_forest_ring
Lair:1:   layout_loops_ring
Lair:2:   layout_long_grid, minmay_lindwurm_lava, wad_woods_river_01,
          serial_bayou_shore_b
Lair:3:   layout_roguey, palyth_hydra_swamp_entry,
          nicolae_snake_entry_warm_welcome, lemuel_fruit_fields
Lair:4:   layout_cave_shapes
Lair:5:   minmay_lair_end_frog_pond, layout_misc_corridors, slime_entry_1,
          minivault_27, st_stairs_11

Skill      XL: |  1  2  3  4  5  6  7  8  9 10 11 12 13 |
---------------+----------------------------------------+-----
Hexes          | 4 5 6 7 9 10 12 13 | 13.9
Stealth        | 5 6 7 8 9 11 12 13 | 13.5
Spellcasting   | 3 4 5 6 7 8 9 10 | 10.0
Throwing       | 1 |  1.2
Dodging        | 3 |  3.0
Translocations | 1 2 3 5 7 9 11 13 15 | 15.2
Short Blades   | 2 3 4 5 6 7 8 |  8.7
Evocations     | 1 2 3 4 5 7 8 9 10 | 10.0
Invocations    | |  0.2

Action                     |  1- 3 |  4- 6 |  7- 9 | 10-12 | 13-15 || total
---------------------------+-------+-------+-------+-------+-------++-------
  Melee: Dagger            |    90 |   184 |    23 |       |       ||   297
         Punch             |     1 |     2 |     5 |     7 |     1 ||    16
         Short sword       |       |       |   189 |   398 |    25 ||   612
  Throw: Dart              |       |       |     3 |       |       ||     3
         Stone             |       |       |       |     2 |       ||     2
   Cast: Ensorcelled Hiber |    10 |    33 |    54 |   177 |     7 ||   281
         Confusing Touch   |       |     2 |    14 |     9 |     4 ||    29
         Manifold Assault  |       |     2 |     1 |     5 |       ||     8
         Tukima's Dance    |       |       |    20 |     2 |       ||    22
         Blink             |       |       |     1 |       |       ||     1
  Evoke: Wand              |       |       |       |    13 |       ||    13
    Use: Scroll            |     4 |     4 |     8 |     4 |     1 ||    21
         Potion            |       |     3 |     1 |     4 |     1 ||     9
   Stab: Sleeping          |    17 |    30 |    51 |    91 |     4 ||   193
         Distracted        |     2 |       |       |     1 |       ||     3
         Invisible         |       |     1 |     1 |       |       ||     2
         Confused          |       |       |     9 |     9 |     2 ||    20
         Paralysed         |       |       |       |     1 |       ||     1
 Armour: Robe              |     7 |    53 |       |       |       ||    60
         Troll leather arm |       |       |     9 |       |       ||     9
         Acid dragon scale |       |       |    11 |   110 |    14 ||   135
  Dodge: Dodged            |    52 |   167 |   105 |   226 |    26 ||   576
